 Dungeon Crawl Stone Soup version 0.24.0-35-gdb84b6a5db (webtiles) character file.

Game seed: 5247446964962452569, levelgen mode: deterministic

133 Flugslaktarn the Skirmisher (level 4, 0/41 HPs)
             Began as a Minotaur Fighter on Nov 18, 2019.
             Slain by an adder (2 damage)
             ... on level 3 of the Dungeon.
             The game lasted 00:01:00 (1654 turns).

Flugslaktarn the Skirmisher (Minotaur Fighter)      Turns: 1654, Time: 00:01:00

Health: 0/41       AC:  9    Str: 22    XL:     4   Next: 94%
Magic:  3/3        EV:  5    Int:  5    God:
Gold:   73         SH:  9    Dex:  9    Spells: 3/3 levels left

rFire    . . .     SeeInvis .   a - +0 war axe
rCold    . . .     Gourm    .   c - +0 shield
rNeg     . . .     Faith    .   g - +0 chain mail
rPois    .         Spirit   .   (helmet restricted)
rElec    .         Reflect  .   (no cloak)
rCorr    .         Harm     .   (no gloves)
MR       .....                  (no boots)
Stlth    ..........             (no amulet)
HPRegen  0.13/turn              (no ring)
MPRegen  0.08/turn              (no ring)

@: no status effects
A: retaliatory headbutt, horns 2
a: no special abilities


You were on level 3 of the Dungeon.
You were not hungry.

You visited 1 branch of the dungeon, and saw 3 of its levels.

You collected 73 gold pieces.

Inventory:

Hand Weapons
 a - a +0 war axe (weapon)
Armour
 c - a +0 shield (worn)
 g - a +0 chain mail (worn)
   (You found it on level 2 of the Dungeon)
Scrolls
 h - 2 scrolls of immolation {unknown}
 i - 7 scrolls of identify {unknown}
 j - 2 scrolls of teleportation {unknown}
 m - a scroll of enchant armour {unknown}
 n - a scroll of remove curse {unknown}
Potions
 d - a potion of might
 f - a potion of haste {unknown}
 l - a potion of curing {unknown}
Comestibles
 e - 2 rations


   Skills:
 + Level 4.4 Fighting
 * Level 4.4 Axes
 + Level 4.4 Armour
 + Level 4.4 Shields


You had 3 spell levels left.
You didn't know any spells.
Your spell library was empty.

Dungeon Overview and Level Annotations

Branches:
Dungeon (3/15)

Altars:
The Shining One

Annotations:
D:3 Sigmund


Innate Abilities, Weirdness & Mutations

You reflexively headbutt those who attack you in melee.
You have a pair of horns on your head.


Message History

You are too injured to fight recklessly!
Unknown command.
Your shield prevents you from hitting something.
You closely miss the adder. You block the adder's attack.
You barely miss something. You closely miss the adder.
You block the adder's attack. Something hits you.
* * * LOW HITPOINT WARNING * * *
You block the adder's attack.
Your shield and chain mail prevent you from hitting something.
Your headbutt misses something. You miss the adder.
You block the adder's attack. Something hits you.
* * * LOW HITPOINT WARNING * * *
The adder bites you but does no damage.
You hit the adder.
The adder is lightly wounded.
You closely miss something. The adder bites you but does no damage.
Something hits you.
* * * LOW HITPOINT WARNING * * *
The adder bites you.
You die...

... . ..# #. #.# #
#.####.# #.# # ... ...#
#.# # #.# #.###.# # #
#.# #...#.# #
#.#####.####...#.#####
##...S.................
#....{@...>.......#####
#.########........#
#.##...### #.##...# #
#<###.## # #.# #.# #
#.# #.# # #.# #.# # #.#
#.# #


You could see an adder.

Vanquished Creatures
  A scorpion (D:3)
  An adder (D:2)
  4 worms (D:2)
  A leopard gecko (D:2)
  7 giant cockroaches (D:1)
  6 goblins
  5 hobgoblins
  3 jackals (D:1)
  2 quokkas (D:2)
  11 bats
  5 frilled lizards (D:1)
  6 kobolds
  8 rats
60 creatures vanquished.

Notes
Turn   | Place    | Note
-------+----------+-------------------------------------------
     0 | D:1      | Flugslaktarn the Minotaur Fighter began the quest for the
                  | Orb.
     0 | D:1      | Reached XP level 1. HP: 19/19 MP: 0/0
    90 | D:1      | Reached XP level 2. HP: 27/27 MP: 1/1
   386 | D:1      | Reached XP level 3. HP: 33/33 MP: 2/2
   862 | D:2      | Found a glowing golden altar of the Shining One.
  1146 | D:2      | Reached XP level 4. HP: 39/40 MP: 3/3
  1640 | D:3      | Noticed Sigmund
  1654 | D:3      | HP: 2/41 [something (5)]
  1654 | D:3      | Slain by an adder

Levels and vault maps discovered:
D:1:      elethiomel_arrival_quiet, layout_loops_ring, st_stairs_1
D:2:      layout_basic, tso_metal_star
D:3:      layout_loops_ring, gammafunk_ghost_mausoleum, uniq_sigmund,
          uniq_terence, uniq_jessica

Skill      XL: |  1  2  3  4 |
---------------+-------------+-----
Axes           | 3 4 |  4.4
Fighting       | 4 |  4.4
Shields        | 4 |  4.4
Armour         | 4 |  4.4

Action                   |  1- 3 |  4- 6 || total
-------------------------+-------+-------++-------
Melee: War axe           |   110 |    27 ||   137
       Headbutt          |    17 |     4 ||    21
  Eat: Chunk             |     1 |     2 ||     3
Armor: Scale mail        |    53 |     2 ||    55
       Chain mail        |       |    16 ||    16
Dodge: Dodged            |    38 |     4 ||    42
Block: Shield            |    63 |    20 ||    83
